 Dungeon Crawl Stone Soup version 0.29.0-13-gc9e81de378 (webtiles) character file.

Game seed: 18068926327556423135

1299 sanboga the Chopper (level 8, -18/51 HPs)
             Began as a Gargoyle Fighter on Sept 9, 2022.
             Demolished by an ogre
             ... wielding a +0 giant club
              (26 damage)
             ... on level 6 of the Dungeon.
             The game lasted 00:06:23 (5861 turns).

sanboga the Chopper (Gargoyle Fighter)              Turns: 5861, Time: 00:06:24

Health: -18/51     AC: 24    Str: 20      XL:     8   Next: 56%
Magic:  8/8        EV:  5    Int:  9      God:
Gold:   294        SH:  4    Dex:  7 (9)  Spells: 7/7 levels left

rFire   . . .      SeeInvis .   a - +0 war axe
rCold   . . .      Faith    .   c - +0 buckler
rNeg    + . .      Spirit   .   k - +0 plate armour
rPois   ∞          Reflect  .   n - +0 helmet
rElec   +          Harm     .   i - +1 cloak {Will+}
rCorr   .          Rampage  .   h - +1 pair of gloves
Will    +....                   (no boots)
Stlth   ..........              (no amulet)
HPRegen 0.17/turn               (no ring)
MPRegen 0.11/turn               (no ring)

@: no status effects
A: sickness immunity, AC +5, negative energy resistance 1, electricity
resistance, torment resistance 1, petrification resistance, mutation resistance
1, weak 1
a: no special abilities


You were on level 6 of the Dungeon.
You visited 1 branch of the dungeon, and saw 6 of its levels.
You also visited: Sewer.

You collected 294 gold pieces.

Inventory:

Hand Weapons
 a - a +0 war axe (weapon)
Armour
 c - a +0 buckler (worn)
 h - a +1 pair of gloves (worn)
 i - a +1 cloak of willpower (worn)
 k - a +0 plate armour (worn)
 n - a +0 helmet (worn)
Wands
 s - a wand of roots (10)
Scrolls
 b - 4 scrolls of amnesia {unknown}
 f - 5 scrolls of identify
 j - 2 scrolls of magic mapping {unknown}
 l - a scroll of vulnerability {unknown}
 o - a scroll of immolation
 u - a scroll of teleportation {unknown}
 v - a scroll of fear
 w - a scroll of blinking {unknown}
 y - a scroll of summoning {unknown}
Potions
 d - 2 potions of resistance {unknown}
 e - a potion of magic {unknown}
 g - a potion of lignification
 x - 2 potions of heal wounds


   Skills:
 + Level 5.9 Fighting
 * Level 6.0 Axes
 + Level 5.9 Armour
 + Level 6.0 Shields


You had 7 spell levels left.
You didn't know any spells.
Your spell library contained the following spells:

 Spells                   Type           Power      Damage    Failure   Level
 Beastly Appendage        Tmut           0%         N/A       100%        1
 Static Discharge         Conj/Air       0%         3-3/arc   100%        2
 Wereblood                Tmut           0%         N/A       100%        2
 Conjure Flame            Conj/Fire      0%         6-21      100%        3
 Ignite Poison            Fire/Tmut/Pois 0%         N/A       100%        3
 Spider Form              Tmut/Pois      0%         N/A       100%        3
 Dispel Undead            Necr           0%         3d6       100%        4
 Sticky Flame             Conj/Fire      0%         2d3       100%        4


Dungeon Overview and Level Annotations

Branches:
Dungeon (6/15)              Sewer (visited)
 Temple: D:4-7

Altars:
Sif Muna

Shops:
D:2 (


Innate Abilities, Weirdness & Mutations

You are immune to sickness and miasma.
Your stone body is resilient. (AC +5)
You are immune to poison.
You resist negative energy. (rN+)
You are resistant to electric shocks. (rElec)
You are resistant to unholy torment.
You are immune to petrification.
You are somewhat resistant to further mutation.
You are weak. (Str -2)


Message History

The scorpion stings you but does no damage.
You closely miss the scorpion.
The scorpion is lightly wounded.
You hit the ogre. The scorpion barely misses you.
The ogre hits you with a +0 giant club.
The scorpion stings you but does no damage.
You slash the scorpion!
The scorpion is severely wounded.
You closely miss the ogre.
The ogre hits you with a +0 giant club!!
The scorpion stings you but does no damage.
You closely miss the scorpion.
The scorpion is severely wounded.
You hit the ogre. You block the scorpion's attack. You block the ogre's attack.
The scorpion stings you but does no damage.
You barely miss the ogre.
The ogre is moderately wounded.
You hit the scorpion but do no damage.
The scorpion stings you but does no damage.
The ogre hits you with a +0 giant club.
You slash the ogre!
The ogre is heavily wounded.
You hit the scorpion.
You kill the scorpion!
The ogre barely misses you.
You feel your strength returning.
Your Shields skill increases to level 6!
You hit the ogre but do no damage.
The ogre is heavily wounded.
You hit the ogre.
The ogre is heavily wounded.
The ogre hits you with a +0 giant club!
You barely miss the ogre.
The ogre is heavily wounded.
The ogre hits you with a +0 giant club!
* * * LOW HITPOINT WARNING * * *
The ogre attacks as you move away!
The ogre hits you with a +0 giant club!!
Ouch! That really hurt!
You die...

#### ##### ...
..#.+ #### #.#.# .
... #...#
.?####.####...#
..............#
......†.......#
.......O@..<..#
..............###+
..................
...................
..........)......##
...............###
.........#.#...#
#######......###
#..#.#..


You could see an ogre.

Vanquished Creatures
  Sigmund (D:4)
  Eustachio (D:5)
  A steam dragon (D:5)
  2 ice beasts
  A phantom (D:4)
  2 kobold brigands (Sewer)
  A scorpion (D:6)
  A hound (D:5)
  An orc priest (D:3)
  Crazy Yiuf (D:5)
  Jessica (D:3)
  An orc wizard (D:5)
  Natasha (twice) (D:2)
  Robin (D:3)
  4 gnolls (D:4)
  2 adders (Sewer)
  3 river rats (Sewer)
  An ufetubus (D:5)
  8 worms
  4 dart slugs
  6 orcs
  8 ball pythons
  5 endoplasms
  2 giant cockroaches
  13 goblins
  11 hobgoblins
  A jackal (D:2)
  3 quokkas
  6 bats
  2 frilled lizards
  10 kobolds
  4 rats
110 creatures vanquished.

Vanquished Creatures (others)
  A bat (D:5)
  A fungus (D:1)
  A plant (D:1)
3 creatures vanquished.

Grand Total: 113 creatures vanquished

Notes
Turn   | Place    | Note
-------+----------+-------------------------------------------
     0 | D:1      | sanboga the Gargoyle Fighter began the quest for the Orb.
     0 | D:1      | Reached XP level 1. HP: 14/14 MP: 1/1
   103 | D:1      | Reached XP level 2. HP: 19/19 MP: 2/2
   217 | D:1      | Found a faded altar of an unknown god.
   530 | D:1      | Reached XP level 3. HP: 23/23 MP: 3/3
   980 | D:2      | Identified the +1 scale mail of Cowardice {Rampage Str+2
                  | SInv}
  1291 | D:2      | Noticed Natasha
  1298 | D:2      | Killed Natasha
  1299 | D:2      | Reached XP level 4. HP: 29/29 MP: 4/4
  1369 | D:2      | Found Fyddial's Weapon Shoppe.
  1616 | D:2      | Noticed Natasha
  1620 | D:2      | Killed Natasha
  1766 | D:3      | Noticed Robin
  1777 | D:3      | Reached XP level 5. HP: 5/33 MP: 5/5
  1782 | D:3      | HP: 1/33 [Robin/+4 mace of holy wrath (5)]
  1783 | D:3      | Killed Robin
  2120 | D:3      | Noticed Jessica
  2150 | D:3      | Killed Jessica
  2226 | D:3      | Noticed an ice beast
  2234 | D:3      | Killed an ice beast
  2235 | D:3      | Reached XP level 6. HP: 27/39 MP: 6/6
  2930 | D:4      | Found a shimmering blue altar of Sif Muna.
  3069 | D:4      | Noticed Sigmund
  3080 | D:4      | Killed Sigmund
  3081 | D:4      | Reached XP level 7. HP: 32/44 MP: 7/7
  3463 | D:4      | Reached skill level 5 in Fighting
  3463 | D:4      | Reached skill level 5 in Shields
  3882 | D:5      | Entered Level 5 of the Dungeon
  3897 | D:5      | Reached skill level 5 in Armour
  4145 | D:5      | Noticed a steam dragon
  4151 | D:5      | Found a glowing drain.
  4160 | Sewer    | Entered a sewer
  4168 | Sewer    | Reached skill level 5 in Axes
  4473 | Sewer    | Reached XP level 8. HP: 39/50 MP: 8/8
  4679 | Sewer    | Gained mutation: You are weak. (Str -2) [potion of
                  | mutation]
  4679 | Sewer    | Gained mutation: You are somewhat resistant to further
                  | mutation. [potion of mutation]
  4929 | D:5      | Noticed Eustachio
  4972 | D:5      | Killed Eustachio
  5306 | D:5      | Found a runed translucent door.
  5307 | D:5      | Noticed Crazy Yiuf
  5465 | D:5      | Killed Crazy Yiuf
  5861 | D:6      | Demolished by an ogre

Illustrated notes

Levels and vault maps discovered:
D:1:      psy_arrival_whirlpool, layout_loops_cross,
          shapermc_ecumenical_altar_mp_ritualfount
D:2:      layout_loops_ring, serial_shops, nicolae_shop_hallway_stairs,
          kennysheep_generic_room_6, uniq_natasha
D:3:      layout_loops_ring, uniq_robin, uniq_jessica
D:4:      layout_gridville, lemuel_doored_altar, uniq_sigmund
D:5:      cheibrodos_iron_armory, layout_rooms, cheibrodos_sewer_entry_sluice,
          uniq_crazy_yiuf_cottage, uniq_eustachio
D:6:      layout_gridville, slow_altar_2, serial_shops, kennysheep_mini_moat,
          serial_co_window_serial, co_window_corner_a, co_window_paths_a,
          co_window_of_opportunity_a, co_window_corner_a, co_window_paths_a,
          co_window_of_opportunity_c, co_window_of_opportunity_c,
          co_window_2corner, co_window_corner_b, co_window_of_opportunity_b,
          co_window_2corner, co_window_paths_e, glass_columns_a,
          glass_columns_b, glass_columns_c, glass_columns_b,
          grunt_ministairs_12, uniq_prince_ribbit1

Skill      XL: |  1  2  3  4  5  6  7  8 |
---------------+-------------------------+-----
Axes           | 2 3 4 5 6 |  6.0
Shields        | 4 5 6 |  6.0
Fighting       | 4 5 |  5.9
Armour         | 4 5 |  5.9

Action                   |  1- 3 |  4- 6 |  7- 9 || total
-------------------------+-------+-------+-------++-------
Melee: War axe           |    62 |    86 |   236 ||   384
  Use: Potion            |       |     1 |    10 ||    11
       Scroll            |       |       |     4 ||     4
Armor: Scale mail        |    13 |       |       ||    13
       Chain mail        |    11 |       |       ||    11
       Plate armour      |     9 |    86 |   221 ||   316
Dodge: Dodged            |    28 |    23 |    78 ||   129
Block: Buckler           |    11 |    19 |    61 ||    91
